 Dungeon Crawl Stone Soup version 0.30-a0-627-gc11e7ae810 (console) character file.

Game seed: 9211279034858460917

1399 Ignak the Sneak (level 8, -5/51 HPs)
             Began as an Octopode Enchanter on Jan 12, 2023.
             Slain by an ogre
             ... wielding a +0 giant club
              (27 damage)
             ... on level 6 of the Dungeon.
             The game lasted 00:13:45 (4763 turns).

Ignak the Sneak (Octopode Enchanter)                Turns: 4763, Time: 00:13:46

Health: -5/51      AC:  1    Str:  7    XL:     8   Next: 69%
Magic:  7/14       EV: 14    Int: 24    God:
Gold:   644        SH:  8    Dex: 15    Spells: 5/13 levels left

rFire   . . .      SeeInvis +    y - +10 short sword {speed, Int+7}
rCold   . . .      Faith    .    s - +3 buckler
rNeg    . . .      Spirit   .    (helmet restricted)
rPois   .          Reflect  .    (no amulet)
rElec   .          Harm     .    o - ring of see invisible
rCorr   .          Rampage  .    (no ring)
Will    .....                    (no ring)
Stlth   +++++                    (no ring)
HPRegen 0.28/turn                (no ring)
MPRegen 0.14/turn                (no ring)
                                 (no ring)
                                 (no ring)

@: confusing by touch
A: almost no armour, amphibious, 8 rings, camouflage 1, gelatinous body 1,
(nimble swimmer 1), tentacles, tentacle spike 1, high MP 1
a: no special abilities


You were on level 6 of the Dungeon.
You visited 2 branches of the dungeon, and saw 7 of its levels.

You collected 644 gold pieces.

Inventory:

Hand Weapons
 v - the +6 sling "Vivag" {speed, *Corrode rC+ Int+6 Dex+3}
   (You found it on level 4 of the Dungeon)

   Int:       It affects your intelligence (+6).
   Dex:       It affects your dexterity (+3).
   rC:        It protects you from cold.
   *Corrode:  It may corrode you when you take damage.
 y - the +10 short sword "Killer Bee's Bane" (weapon) {speed, Int+7}
   (You found it on level 4 of the Dungeon)

   Int:       It affects your intelligence (+7).
Missiles
 f - 20 poisoned darts (quivered)
Armour
 s - a +3 buckler (worn)
Jewellery
 o - a ring of see invisible (left tentacle)
Wands
 l - a wand of polymorph (10)
 p - a wand of charming (15)
 r - a wand of mindburst (19)
Scrolls
 a - a scroll of blinking {unknown}
 b - a scroll of poison
 h - a scroll of brand weapon
 j - 3 scrolls of amnesia
 k - 4 scrolls of teleportation
 n - 2 scrolls of fear
 x - 2 scrolls of enchant weapon
Potions
 c - a potion of lignification {unknown}
 d - a potion of attraction {unknown}
 e - a potion of mutation
 g - a potion of curing {unknown}
 i - a potion of degeneration {unknown}
 m - 2 potions of invisibility
 q - 2 potions of might
 t - a potion of haste {unknown}
 w - a potion of heal wounds {unknown}


   Skills:
 + Level 2.7 Fighting
 + Level 3.1 Short Blades
 * Level 4.8 Dodging
 * Level 7.3 Stealth
 * Level 3.5 Shields
 - Level 1.0 Unarmed Combat
 + Level 3.4 Spellcasting
 + Level 4.4 Hexes
 + Level 3.0 Ice Magic


You had 5 spell levels left.
You knew the following spells:

 Your Spells              Type           Power      Damage    Failure   Level
a - Confusing Touch       Hex            25%        N/A       7%          3
c - Ensorcelled Hibernat  Hex/Ice        44%        N/A       4%          2
e - Frozen Ramparts       Ice            36%        1d6       12%         3

Your spell library contained the following spells:

 Spells                   Type           Power      Damage    Failure   Level
 Freeze                   Ice            72%        1d8       4%          1
 Tukima's Dance           Hex            25%        N/A       7%          3
 Magic Dart               Conj           16%        1d3       14%         1
 Dazzling Flash           Conj/Hex       28%        N/A       17%         3
 Cigotuvi's Dreadful Rot  Necr/Pois/Air  8%         N/A       21%         2
 Searing Ray              Conj           8%         2d4       21%         2
 Hailstorm                Conj/Ice       11%        3d5       22%         3
 Ignite Poison            Fire/Tmut/Pois 4%         N/A       38%         3
 Kindle Blastsparks       Fire/Tloc/Air  8%         2d10      38%         3
 Anguish                  Hex/Necr       7%         N/A       50%         4
 Fulminant Prism          Conj/Hex       7%         3d7       50%         4
 Dispel Undead            Necr           4%         3d7       80%         4
 Freezing Cloud           Conj/Ice/Air   4%         6-21      94%         5
 Death Channel            Necr           2%         N/A       100%        6
 Enfeeble                 Hex            12%        N/A       100%        7


Dungeon Overview and Level Annotations

Branches:
Dungeon (6/15)             Temple (1/1) D:5

Altars:
Ashenzari
Cheibriados
Elyvilon
Fedhas
Kikubaaqudgha
Okawaru
Qazlal
Ru
Sif Muna
Trog
Uskayaw
Vehumet
Wu Jian
Xom
Yredelemnul
Zin

Shops:
D:1 (

Annotations:
D:6 2 runed translucent doors, Oxelix's ghost, amateur SpBr


Innate Abilities, Weirdness & Mutations

You cannot wear most types of armour.
You are amphibious.
You can wear up to eight rings at the same time.
Your skin changes colour to match your surroundings (Stealth+).
Your rubbery body absorbs attacks. (AC +1, EV +1)
((You are camouflaged when in or above water. (Stealth+)))
You have tentacles for arms and can constrict up to eight enemies at once.
One of your tentacles bears a spike.
You have an increased reservoir of magic. (+10% MP)


Message History

A shadow imp comes into view.
Casting: Confusing Touch (dangerous; 7% risk of failure)
Confirm with . or Enter, or press ? or * to list all spells.
Your tentacles begin to glow red.
You hit the shadow imp but do no damage.
You grab the shadow imp.
You pierce the shadow imp.
You squeeze the shadow imp.
The shadow imp is moderately wounded.
You constrict the shadow imp.
You hit the shadow imp but do no damage.
The shadow imp appears confused.
Your tentacle spike misses the shadow imp.
You squeeze the shadow imp.
The shadow imp is almost dead.
You constrict the shadow imp, but do no damage.
The shadow imp struggles to escape constriction.
You puncture the shadow imp!
You kill the shadow imp!
An ogre comes into view. It is wielding a +0 giant club.
Found a scroll of teleportation.
Found an escape hatch in the floor.
Found a stone staircase leading down.
The ogre shouts!
Casting: Confusing Touch (dangerous; 7% risk of failure)
Confirm with . or Enter, or press ? or * to list all spells.
Aiming: Ensorcelled Hibernation (safe; 4% risk of failure)
Press: ? - help, Shift-Dir - straight line, f - ogre
Aim: an ogre, wielding a +0 giant club (chance to affect: 54%)
The ogre looks drowsy...
The ogre shouts!
Casting: Ensorcelled Hibernation (safe; 4% risk of failure)
Confirm with . or Enter, or press ? or * to list all spells.
Your tentacles begin to glow red.
The ogre hits you with a +0 giant club!!
Ouch! That really hurt!
You hit the ogre but do no damage.
You pierce the ogre.
The ogre is lightly wounded.
You hit the ogre but do no damage.
You pierce the ogre.
The ogre is lightly wounded.
The ogre hits you with a +0 giant club!!
Ouch! That really hurt!
You die...

#.......# ## #>....>.#
... #....?..#
#.##.......#
#..........# #.......#
#### #....O..#
###≈#.### #...@.$#
#~./..#≈# #......#
.#..[.~# ##......#
..⌠.#..#####..#.#..#
#.~..≈~≈##...##.##....
###++### #.####.# ####
.......# #.# #.#
#......# #.# #.#
###...## #.# #.#


You could see an ogre.

Vanquished Creatures
  Prince Ribbit (D:5)
  2 water moccasins (D:5)
  2 black bears (D:5)
  2 ice beasts (D:5)
  2 ogres (D:5)
  A necrophage (D:5)
  A scorpion (D:5)
  A jelly (D:3)
  A gnoll bouda (D:5)
  An orc wizard (D:5)
  3 iguanas
  11 adders
  A shadow imp (D:6)
  3 worms
  3 dart slugs
  2 orcs (D:5)
  4 bats
  7 endoplasms
  5 giant cockroaches
  11 goblins
  5 hobgoblins
  4 jackals (D:1)
  3 quokkas
  6 ball pythons
  4 frilled lizards
  8 kobolds
  6 rats
100 creatures vanquished.

Notes
Turn   | Place    | Note
-------+----------+-------------------------------------------
     0 | D:1      | Ignak the Octopode Enchanter began the quest for the Orb.
     0 | D:1      | Reached XP level 1. HP: 11/11 MP: 3/3
   146 | D:1      | Reached XP level 2. HP: 13/17 MP: 5/5
   167 | D:1      | Learned a level 2 spell: Ensorcelled Hibernation
   597 | D:1      | Reached XP level 3. HP: 22/22 MP: 6/6
   700 | D:1      | Found Xarph's Antique Weapon Shoppe.
  1099 | D:2      | Learned a level 3 spell: Confusing Touch
  1484 | D:2      | Reached XP level 4. HP: 25/27 MP: 7/7
  1517 | D:2      | Reached skill level 1 in Ice Magic
  1868 | D:3      | Reached skill level 1 in Unarmed Combat
  1985 | D:2      | Gained mutation: One of your tentacles bears a spike.
                  | [potion of mutation]
  1985 | D:2      | Gained mutation: You have an increased reservoir of magic.
                  | (+10% MP) [potion of mutation]
  2035 | D:3      | Reached skill level 1 in Fighting
  2035 | D:3      | Reached XP level 5. HP: 33/33 MP: 9/9
  2076 | D:3      | Found a white marble altar of Elyvilon.
  2822 | D:4      | Identified the +6 sling "Vivag" {speed, *Corrode rC+ Int+6
                  | Dex+3}
  2921 | D:4      | Reached skill level 5 in Stealth
  3025 | D:4      | Found a bloodstained altar of Trog.
  3062 | D:4      | Identified the +10 short sword "Killer Bee's Bane" {speed,
                  | Int+7}
  3369 | D:4      | Learned a level 3 spell: Frozen Ramparts
  3376 | D:5      | Entered Level 5 of the Dungeon
  3381 | D:5      | Noticed a black bear
  3392 | D:5      | Killed a black bear
  3393 | D:5      | Reached skill level 1 in Shields
  3393 | D:5      | Reached XP level 6. HP: 38/38 MP: 5/10
  3457 | D:5      | Noticed an ice beast
  3458 | D:5      | Noticed a water moccasin
  3485 | D:5      | Killed an ice beast
  3510 | D:5      | Reached XP level 7. HP: 36/44 MP: 5/12
  3526 | D:5      | Reached skill level 6 in Stealth
  3651 | D:5      | Noticed Prince Ribbit
  3657 | D:5      | Killed Prince Ribbit
  3658 | D:5      | Reached XP level 8. HP: 41/51 MP: 3/14
  3670 | D:5      | Reached skill level 7 in Stealth
  3978 | D:5      | Found a staircase to the Ecumenical Temple.
  4011 | D:5      | Found a broken altar of Ashenzari.
  4034 | Temple   | Entered the Ecumenical Temple
  4704 | D:6      | Found a large runed translucent door.
  4704 | D:6      | Found a large runed translucent door.
  4710 | D:6      | Noticed Oxelix's ghost (amateur SpBr)
  4763 | D:6      | Slain by an ogre

Illustrated notes

Levels and vault maps discovered:
D:1:      amcnicky_arrival_abandoned_market, layout_loops_ring, serial_shops,
          shop, st_stairs_3, serial_bayou_pond_a, nicolae_hexahallways
D:2:      layout_loops_ring
D:3:      layout_loops_ring, nicolae_elyvilon_peaceful_grove
D:4:      layout_basic, trog_hazing_becter, serial_glass, glass_columns_a,
          glass_columns_a, small_statue_intersection
D:5:      minmay_polygon_palace, layout_loops_ring,
          mainiacjoe_overflow_small_starburst, temple_statues,
          uniq_prince_ribbit1
D:6:      layout_rooms, mainiacjoe_overflow_brackets,
          ebering_ghost_disaster_area
Temple:   nicolae_temple_ecumenical_triangle

Skill      XL: |  1  2  3  4  5  6  7  8 |
---------------+-------------------------+-----
Ice Magic      | 1 2 3 |  3.0
Unarmed Combat | 1 |  1.0
Fighting       | 1 2 |  2.7
Dodging        | 3 4 |  4.8
Stealth        | 5 6 7 |  7.3
Shields        | 1 3 |  3.5
Short Blades   | 2 3 |  3.1
Spellcasting   | 3 |  3.4
Hexes          | 4 |  4.4

Action                   |  1- 3 |  4- 6 |  7- 9 || total
-------------------------+-------+-------+-------++-------
Melee: Dagger            |    91 |    35 |       ||   126
       Tentacles         |    21 |    16 |     8 ||    45
       Constrict         |    17 |    15 |     5 ||    37
       Punch             |     1 |     1 |       ||     2
       Kick              |       |    19 |     9 ||    28
       Rapier            |       |    19 |       ||    19
       Short sword       |       |    19 |    42 ||    61
Throw: Dart              |     1 |     1 |       ||     2
 Cast: Ensorcelled Hiber |     1 |    11 |    15 ||    27
       Confusing Touch   |       |     1 |     3 ||     4
Evoke: Wand              |       |       |     1 ||     1
  Use: Scroll            |       |     7 |     3 ||    10
       Potion            |       |     2 |       ||     2
 Stab: Sleeping          |    12 |    16 |    10 ||    38
       Confused          |       |     1 |       ||     1
Armor: Skin              |     6 |     4 |     1 ||    11
Dodge: Dodged            |    39 |    22 |    12 ||    73
Block: Buckler           |       |     3 |     3 ||     6

Table legend: (Time is in decaauts)
 A = Elapsed time spent in this place.
 B = Non-inter-level travel time spent in this place.
 C = Inter-level travel time spent in this place.
 D = Time resting spent in this place.
 E = Time spent auto-exploring this place.
 F = Levels seen in this place.
 G = Mean time per level.
                   A        B        C        D        E       F      G
               +--------+--------+--------+--------+--------+-----+--------+
         Total |   4731 |   4662 |     69 |    446 |   2729 |   7 |  675.9 |
       Dungeon |   4629 |   4560 |     69 |    446 |   2729 |   6 |  771.5 |
        Temple |    102 |    102 |      0 |      0 |      0 |   1 |  102.0 |
               +--------+--------+--------+--------+--------+-----+--------+

Top non-repeatable levels by time:
     D:5: 1143 daAuts
     D:1: 1034 daAuts
     D:2: 930 daAuts
     D:3: 791 daAuts
     D:4: 614 daAuts
     D:6: 114 daAuts
  Temple: 102 daAuts
